 Dungeon Crawl Stone Soup version 0.30-a0-726-gd89dcf765f (webtiles) character file.

Game seed: 14594745708210320604

1887 sokol815 the Covert (level 9, -1/54 HPs)
             Began as an Octopode Brigand on Jan 30, 2023.
             Killed by divine providence
             ... invoked by an orc priest
              (12 damage)
             ... on level 6 of the Dungeon.
             The game lasted 00:10:35 (4580 turns).

sokol815 the Covert (Octopode Brigand)              Turns: 4580, Time: 00:10:36

Health: -1/54      AC:  5    Str: 11    XL:     9   Next: 14%
Magic:  9/9        EV: 12    Int: 17    God:
Gold:   305        SH:  5    Dex: 13    Spells: 5/8 levels left

rFire   . . .      SeeInvis .    a - +2 short sword (venom)
rCold   . . .      Faith    .    n - +0 buckler
rNeg    + . .      Spirit   .    (helmet restricted)
rPois   .          Reflect  .    o - amulet of regeneration
rElec   .          Harm     .    Z - ring of wizardry {Wiz+, !d}
rCorr   .          Rampage  .    l - ring of flight {+Fly, !d}
Will    .....                    A - +4 ring of protection
Stlth   ++++++                   N - ring of positive energy {rN+}
HPRegen 1.09/turn                (no ring)
MPRegen 0.11/turn                (no ring)
                                 (no ring)
                                 (no ring)

@: brilliant, flying
A: almost no armour, amphibious, 8 rings, camouflage 1, gelatinous body 1,
(nimble swimmer 1), tentacles
a: no special abilities


You were on level 6 of the Dungeon.
You visited 1 branch of the dungeon, and saw 6 of its levels.

You collected 305 gold pieces.

Inventory:

Hand Weapons
 a - a +2 short sword of venom (weapon)
   (You took it off a kobold on level 1 of the Dungeon)
 e - a +2 dagger
 f - a +0 short sword of venom
   (You found it on level 1 of the Dungeon)
 r - a +0 hand axe of holy wrath
   (You found it on level 4 of the Dungeon)
 u - a +0 dagger of protection
   (You took it off an orc wizard on level 5 of the Dungeon)
Missiles
 b - 24 poisoned darts
 c - 3 curare-tipped darts
 k - 5 javelins
 s - 53 stones
 t - a boomerang
Armour
 d - a +0 tower shield
   (You found it on level 2 of the Dungeon)
 n - a +0 buckler (worn)
   (You found it on level 2 of the Dungeon)
Jewellery
 j - an amulet of reflection
   (You found it on level 1 of the Dungeon)
 l - a ring of flight (right tentacle) {+Fly, !d}
   (You found it on level 2 of the Dungeon)
 o - an amulet of regeneration (around mantle)
   (You found it on level 3 of the Dungeon)
 p - an amulet of magic regeneration
   (You found it on level 5 of the Dungeon)
 A - a +4 ring of protection (on tentacle)
   (You found it on level 4 of the Dungeon)
 N - a ring of positive energy (on tentacle) {rN+}
   (You found it on level 4 of the Dungeon)
 Z - a ring of wizardry (left tentacle) {Wiz+, !d}
   (You found it on level 1 of the Dungeon)
Wands
 y - a wand of mindburst (13)
   (You found it on level 6 of the Dungeon)
Potions
 g - a potion of curing {unknown}
 h - a potion of degeneration {unknown}
 m - a potion of attraction {!q}
 q - a potion of might {unknown}
 v - a potion of cancellation {unknown}
 G - 2 potions of ambrosia {!q}
 L - a potion of flight
 T - a potion of berserk rage {!q}
 U - 3 potions of mutation {!q}


   Skills:
 - Level 2.0 Fighting
 + Level 5.5 Short Blades
 - Level 2.0 Throwing
 - Level 1.0 Dodging
 * Level 11.9 Stealth
 - Level 4.0 Shields
 * Level 5.5 Ice Magic


You had 5 spell levels left.
You knew the following spells:

 Your Spells              Type           Power      Damage    Failure   Level
A - Ozocubu's Armour      Ice            28%        N/A       4%          3

Your spell library contained the following spells:

 Spells                   Type           Power      Damage    Failure   Level
 Foxfire                  Conj/Fire      0%         2x1d4     12%         1
 Hailstorm                Conj/Ice       14%        3d5       12%         3
 Blink                    Tloc           0%         N/A       17%         2
 Lesser Beckoning         Tloc           0%         N/A       17%         2
 Momentum Strike          Conj/Tloc      0%         3d8       17%         2
 Tukima's Dance           Hex            0%         N/A       32%         3
 Ice Form                 Ice/Tmut       14%        N/A       34%         4
 Passage of Golubria      Tloc           0%         N/A       71%         4
 Fireball                 Conj/Fire      0%         3d3       96%         5
 Yara's Violent Unravell  Hex/Tmut       0%         3d3       96%         5
 Simulacrum               Ice/Necr       7%         N/A       99%         6
 Starburst                Conj/Fire      0%         6d3       100%        6
 Ozocubu's Refrigeration  Ice            14%        4d10      100%        7


Dungeon Overview and Level Annotations

Branches:
Dungeon (6/15) Zot: 26576
 Temple: D:4-7

Altars:
Ashenzari
Fedhas
Hepliaklqana
Uskayaw
Wu Jian
Xom
Yredelemnul
The Shining One

Shops:
D:5 [

Annotations:
D:3 Jessica


Innate Abilities, Weirdness & Mutations

You cannot wear most types of armour.
You are amphibious.
You can wear up to eight rings at the same time.
Your skin changes colour to match your surroundings (Stealth+).
Your rubbery body absorbs attacks. (AC +1, EV +1)
((You are camouflaged when in or above water. (Stealth+)))
You have tentacles for arms and can constrict up to eight enemies at once.


Message History

You hit the hound.
The hound is poisoned.
Your grab misses the hound. The hound bites you but does no damage.
You hit the hound.
The hound looks as sick as possible!
Your grab misses the hound. You block the hound's attack.
The hound barely misses you.
You hit the hound.
You kill the hound!
You hit the black bear.
The black bear is poisoned.
You grab the black bear. You squeeze the black bear.
You constrict the black bear. You hit the black bear.
The black bear looks as sick as possible!
You constrict the black bear. The black bear bites you!
The black bear claws you but does no damage.
You block the black bear's attack.
You take 7 damage, and have 47/54 hp.
You hit the black bear.
The black bear looks as sick as possible!
You constrict the black bear. You block the black bear's attack.
The black bear barely misses you. x2
You hit the black bear.
The black bear looks as sick as possible!
You constrict the black bear.
You kill the black bear!
You hit the scorpion but do no damage. Your grab misses the scorpion.
You squeeze the scorpion. The scorpion misses you.
You hit the scorpion.
The scorpion is poisoned.
You grab the scorpion.
You constrict the scorpion, but do no damage.
The scorpion barely misses you.
You hit the scorpion but do no damage.
The scorpion looks as sick as possible!
You constrict the scorpion, but do no damage.
The scorpion stings you.
You take 3 damage, and have 48/54 hp.
You hit the scorpion.
You kill the scorpion!
Health restored: 54 An adder comes into view.
The adder moves out of view.
Found a stone staircase leading down.
Found a stone staircase leading down.
An iguana comes into view.
Found a stone staircase leading down.
The iguana hisses angrily.
You hit the iguana but do no damage.
The iguana is poisoned.
Your grab misses the iguana. Your squeeze misses the iguana.
You hit the iguana but do no damage.
The iguana looks as sick as possible!
Your grab misses the iguana. You squeeze the iguana!
The iguana bites you but does no damage.
You hit the iguana. Your grab misses the iguana.
Your squeeze misses the iguana.
The iguana bites you but does no damage.
You hit the iguana but do no damage.
The iguana looks as sick as possible!
You grab the iguana.
You constrict the iguana, but do no damage.
You kill the iguana!
You see here an iguana corpse.
y - a wand of mindburst (13)
v - a silvery potion An orc is nearby!
The orc wizard shouts!
The orc shouts!
The orc priest shouts!
The orc wizard shouts!
The orc wizard casts a spell at you. The puff of flame hits you.
The orc priest invokes the aid of Beogh against you.
Beogh smites you!
The orc shouts!
You take 19 damage, and have 35/54 hp.
MASSIVE DAMAGE!!
You hear an angry hiss.
The orc wizard points at you and mumbles some strange words.
The magic dart hits you! You block the orc wizard's attack.
The orc closely misses you.
You take 6 damage, and have 29/54 hp.
You are too injured to fight recklessly!
You are too injured to fight recklessly!
You completely miss the orc wizard. You grab the orc wizard.
You constrict the orc wizard, but do no damage.
You block the orc wizard's attack. The orc hits you with a +0 club.
The orc priest invokes the aid of Beogh against you.
Beogh smites you!
* * * LOW HITPOINT WARNING * * *
You take 14 damage, and have 15/54 hp.
MASSIVE DAMAGE!!
You release your grip on the orc wizard.
The orc wizard attacks as you move away!
The orc wizard barely misses you.
The orc priest mumbles some strange prayers to Beogh against you.
Beogh smites you!
* * * LOW HITPOINT WARNING * * *
You hear an angry hiss.
You take 7 damage, and have 8/54 hp.
You hit the orc wizard.
The orc wizard is poisoned.
You grab the orc wizard.
You squeeze the orc wizard, but do no damage.
You constrict the orc wizard.
It was a potion of brilliance.
You feel clever all of a sudden.
You constrict the orc wizard. You block the orc wizard's attack.
The orc barely misses you.
The orc priest invokes the aid of Beogh against you.
Beogh smites you!
You die...

.#.........#.#.?..........o.#....
................#.........o###...
$.............#.#...o.S.....##...
............................[#...
#.........................#......
#.....†..........)........##.....
..........<.......o.......# ...#.
#..............oo.......... ...#
.#†##......##...@o......... .....
...#.........!............. .....
##............###..#......
###............###........
...............###....##..
..#............##.........
..##.....###................ .
#..#### ###...............
..##..###### ##....#.##......


You could see an orc priest, 2 orc wizards, an adder and 2 orcs.

Vanquished Creatures
  A shadow (D:5)
  A yak (D:5)
  An ice beast (D:5)
  4 black bears
  2 ogres
  A phantom (D:6)
  Blork the orc (D:4)
  2 scorpions
  A necrophage (D:5)
  A jelly (D:6)
  3 hounds
  3 orc priests
  A gnoll bouda (D:5)
  4 iguanas
  6 orc wizards
  3 gnolls
  2 adders
  A shadow imp (D:4)
  2 ufetubi (D:5)
  A worm (D:5)
  5 dart slugs
  19 orcs
  6 bats
  3 endoplasms
  A giant cockroach (D:4)
  4 goblins
  8 hobgoblins
  6 jackals (D:2)
  4 quokkas
  9 ball pythons
  3 frilled lizards
  8 kobolds
  3 rats
  A spectral orc (D:4)
121 creatures vanquished.

Vanquished Creatures (others)
  An orc (D:5)
1 creature vanquished.

Grand Total: 122 creatures vanquished

Notes
Turn   | Place    | Note
-------+----------+-------------------------------------------
     0 | D:1      | sokol815 the Octopode Brigand began the quest for the Orb.
     0 | D:1      | Reached XP level 1. HP: 14/14 MP: 1/1
    77 | D:1      | Reached XP level 2. HP: 19/19 MP: 2/2
   147 | D:1      | Reached skill level 6 in Stealth
   610 | D:2      | Reached XP level 3. HP: 24/24 MP: 3/3
   763 | D:2      | Found a faded altar of an unknown god.
  1031 | D:2      | Reached skill level 1 in Shields
  1277 | D:3      | Reached XP level 4. HP: 29/29 MP: 4/4
  1490 | D:3      | Reached skill level 7 in Stealth
  1491 | D:3      | HP: 7/29 [orc/+0 short sword (5)]
  1494 | D:3      | HP: 1/29 [orc priest/+0 mace (7)]
  1496 | D:3      | Reached skill level 3 in Short Blades
  1496 | D:3      | Reached skill level 2 in Shields
  1496 | D:3      | Reached XP level 5. HP: 1/34 MP: 5/5
  1664 | D:3      | Found a broken altar of Ashenzari.
  1669 | D:3      | Noticed Jessica
  2202 | D:4      | Found a glowing golden altar of the Shining One.
  2224 | D:4      | Noticed Blork the orc
  2233 | D:4      | Killed Blork the orc
  2327 | D:4      | Reached XP level 6. HP: 39/39 MP: 6/6
  2373 | D:4      | Found a basalt altar of Yredelemnul.
  2470 | D:4      | Reached skill level 8 in Stealth
  2470 | D:4      | Reached skill level 3 in Shields
  2528 | D:4      | Found a hazy altar of Hepliaklqana.
  2528 | D:4      | Found a blossoming altar of Fedhas.
  2529 | D:4      | Found a shimmering altar of Xom.
  2661 | D:4      | Reached XP level 7. HP: 45/45 MP: 7/7
  2889 | D:4      | Learned a level 3 spell: Ozocubu's Armour
  2940 | D:4      | Found a hide-covered altar of Uskayaw.
  2940 | D:4      | Found an ornate altar of the Wu Jian Council.
  3187 | D:5      | Entered Level 5 of the Dungeon
  3223 | D:5      | Reached skill level 4 in Shields
  3241 | D:5      | Reached skill level 4 in Short Blades
  3241 | D:5      | Reached skill level 9 in Stealth
  3241 | D:5      | Reached skill level 1 in Ice Magic
  3318 | D:5      | Reached skill level 2 in Ice Magic
  3360 | D:5      | Reached XP level 8. HP: 50/50 MP: 8/8
  3388 | D:5      | Reached skill level 10 in Stealth
  3388 | D:5      | Reached skill level 3 in Ice Magic
  3538 | D:5      | Found Raseabro's Armour Emporium.
  3682 | D:5      | Noticed a shadow
  3696 | D:5      | Killed a shadow
  4178 | D:6      | Reached skill level 4 in Ice Magic
  4278 | D:5      | Reached skill level 5 in Short Blades
  4278 | D:5      | Reached skill level 11 in Stealth
  4406 | D:6      | Noticed a yak
  4406 | D:6      | Noticed a yak
  4406 | D:6      | Noticed a yak
  4406 | D:6      | Noticed a yak
  4406 | D:6      | Noticed a yak
  4407 | D:6      | Noticed a yak
  4420 | D:5      | Killed a yak
  4503 | D:6      | Reached skill level 5 in Ice Magic
  4503 | D:6      | Reached XP level 9. HP: 50/54 MP: 9/9
  4577 | D:6      | HP: 8/54 [orc priest/divine providence (8)]
  4580 | D:6      | Killed from afar by an orc priest

Illustrated notes

Levels and vault maps discovered:
D:1:      scummos_arrival_hexagon, layout_rooms, minmay_misc_feat_room,
          grunt_decor_arrowhead
D:2:      layout_basic, hellmonk_ecumenical_altar_leap_of_faith,
          lightli_corner_chamber
D:3:      layout_basic, cheibrodos_ashenzari_chains, uniq_jessica
D:4:      layout_loops_corners, gammafunk_temple_overflow_forgotten,
          yredelemnul_forgotten_temple_becter, old_standard_altar,
          jmf_multi_god_temple, uniq_blork_the_orc
D:5:      layout_cave_pods, serial_shops, nicolae_shop_crystal,
          minmay_quadrilaterals
D:6:      layout_cave_pools

Skill      XL: |  1  2  3  4  5  6  7  8 |
---------------+-------------------------+-----
Stealth        | 6 7 8 9 11 | 11.9
Shields        | 1 2 3 4 |  4.0
Short Blades   | 3 4 5 |  5.5
Ice Magic      | 2 5 |  5.5
Fighting       | |  2.0
Throwing       | |  2.0
Dodging        | |  1.0

Action                     |  1- 3 |  4- 6 |  7- 9 || total
---------------------------+-------+-------+-------++-------
  Melee: Dagger            |     9 |       |       ||     9
         Constrict         |    17 |    17 |    34 ||    68
         Short sword       |    55 |    68 |   158 ||   281
         Tentacles         |     8 |    17 |    44 ||    69
         Punch             |       |     1 |     2 ||     3
  Throw: Stone             |     2 |       |       ||     2
    Use: Scroll            |     4 |     4 |     3 ||    11
         Potion            |       |       |     2 ||     2
   Stab: Sleeping          |    14 |     4 |     7 ||    25
         Distracted        |     1 |       |     2 ||     3
         Invisible         |       |       |     3 ||     3
 Armour: Skin              |     3 |     7 |    19 ||    29
  Dodge: Dodged            |    21 |    30 |    58 ||   109
  Block: Buckler           |     5 |    12 |    36 ||    53
         Other             |     1 |       |       ||     1

Table legend: (Time is in decaauts)
 A = Elapsed time spent in this place.
 B = Non-inter-level travel time spent in this place.
 C = Inter-level travel time spent in this place.
 D = Time resting spent in this place.
 E = Time spent auto-exploring this place.
 F = Levels seen in this place.
 G = Mean time per level.
                   A        B        C        D        E       F      G
               +--------+--------+--------+--------+--------+-----+--------+
         Total |   4541 |   4312 |    229 |    320 |   3119 |   6 |  756.8 |
       Dungeon |   4541 |   4312 |    229 |    320 |   3119 |   6 |  756.8 |
               +--------+--------+--------+--------+--------+-----+--------+

Top non-repeatable levels by time:
     D:5: 1187 daAuts
     D:4: 976 daAuts
     D:3: 928 daAuts
     D:2: 755 daAuts
     D:1: 507 daAuts
     D:6: 185 daAuts

Table legend:
 A = Kills in this place as a percentage of kills in entire the game.
 B = Kills by you in this place as a percentage of kills by you in the entire game.
 C = Kills by friends in this place as a percentage of kills by friends in the entire game.
 D = Other kills in this place as a percentage of other kills in the entire game.
 E = Experience gained in this place as a percentage of experience gained in the entire game.
 F = Experience gained in this place divided by the number of levels of this place that you have seen.
                   A       B       C       D       E      F
               +-------+-------+-------+-------+-------+----------------------
         Total | 100.0 | 100.0 |   N/A |   N/A | 100.0 | 449.5
       Dungeon | 100.0 | 100.0 |   N/A |   N/A | 100.0 | 449.5
               +-------+-------+-------+-------+-------+----------------------
